 Dungeon Crawl Stone Soup version 0.31-a0-968-g24f9ace8b5 (webtiles) character file.

Game seed: 14196017085442929491

4502 FudNut the Spear-Bearer (level 10, -7/88 HPs)
             Began as a Minotaur Berserker on Oct 27, 2023.
             Was an Elder of Trog.
             Killed by divine providence
             ... invoked by a smoke demon
             ... summoned by an orc sorcerer
              (10 damage)
             ... on level 1 of the Orcish Mines.
             The game lasted 00:40:49 (5856 turns).

FudNut the Spear-Bearer (Minotaur Berserker)        Turns: 5856, Time: 00:40:50

Health: -7/88      AC: 10    Str: 32    XL:     10   Next: 16%
Magic:  9/9        EV: 12    Int:  4    God:    Trog [****..]
Gold:   735        SH:  5    Dex: 10    Spells: 9/9 levels left

rFire   . . .        d - +4 scythe (flame)
rCold   . . .        (shield currently unavailable)
rNeg    . . .        q - +0 swamp dragon scales
rPois   +            (helmet restricted)
rElec   .            a - +0 cloak
rCorr   .            (no gloves)
SInv    +            (no boots)
Will    .....        t - amulet "Mere" {Reflect rPois SH+5} Stlth
                     s - +6 ring of strength
HPRegen 0.34/turn    p - ring of see invisible
MPRegen 0.11/turn

%: reflection
@: on berserk cooldown, slowed, very slow
A: horns 2, retaliatory headbutt
a: Renounce Religion, Berserk, Trog's Hand, Brothers in Arms


You were on level 1 of the Orcish Mines.
You worshipped Trog.
Trog was greatly pleased with you.
You visited 3 branches of the dungeon, and saw 12 of its levels.
You also visited: Ossuary.

You collected 735 gold pieces.

Inventory:

Hand Weapons
 d - a +4 scythe of flaming (weapon)
 y - the +12 short sword of Qazlal's Whim {flame, Str+4 Dex+3}
   (You found it on level 7 of the Dungeon)

   Str+4:     It affects your strength (+4).
   Dex+3:     It affects your dexterity (+3).
Missiles
 n - 8 atropa-tipped darts
Armour
 a - a +0 cloak (worn)
 i - a +3 chain mail of poison resistance
 q - +0 swamp dragon scales (worn)
Jewellery
 k - an amulet of magic regeneration
 m - an amulet of regeneration
 o - a ring of wizardry
 p - a ring of see invisible (right hand)
 s - a +6 ring of strength (left hand)
 t - the amulet "Mere" (around neck) {Reflect rPois SH+5}
   (You found it on level 4 of the Dungeon)

   [amulet of reflection]

   Reflect:   It reflects blocked missile attacks.
   rPois:     It protects you from poison SH+5: It affects your SH (+5).
Talismans
 b - a storm talisman
 j - a beast talisman
 v - a serpent talisman
Wands
 e - a wand of polymorph (6)
 r - a wand of light (13)
 x - a wand of flame (37)
 B - a wand of iceblast (13)
Scrolls
 h - a scroll of torment
 l - a scroll of immolation
 u - a scroll of blinking
 w - 2 scrolls of vulnerability
 z - 2 scrolls of identify
 C - a scroll of teleportation
 D - a scroll of enchant weapon
Potions
 c - a potion of curing
 f - 2 potions of cancellation
 g - 2 potions of enlightenment


   Skills:
 + Level 8.1 Fighting
 + Level 6.5(10.2) Axes
 + Level 12.2(12.9) Polearms
 + Level 8.0 Armour
 + Level 4.0 Dodging
 + Level 2.7 Shields


You had 9 spell levels left.
You didn't know any spells.
Your spell library was empty.

Dungeon Overview and Level Annotations

Branches:
Dungeon (9/15)             Temple (1/1) D:7             Orc (2/2) D:9
    Elf (0/3) Orc:2       Ossuary (visited)
   Lair: D:8-11

Altars:
Ashenzari
Cheibriados
Dithmenos
Elyvilon
Fedhas
Gozag
Hepliaklqana
Kikubaaqudgha
Nemelex Xobeh
Okawaru
Qazlal
Ru
Sif Muna
Trog
Uskayaw
Vehumet
Wu Jian
Xom
Yredelemnul
Zin
The Shining One

Shops:
D:1 *=   D:5 *


Innate Abilities, Weirdness & Mutations

You have a pair of horns on your head.
You reflexively headbutt those who attack you in melee.


Message History

The troll is moderately wounded.
The orc sorcerer mumbles some strange words.
You block the troll's attack. The troll claws you.
* * * LOW HITPOINT WARNING * * *
The troll claws you but does no damage.
The orc warrior hits you with a +0 hand axe.
* * * LOW HITPOINT WARNING * * *
You hit the troll. You burn the troll. You headbutt the troll!
The troll is severely wounded.
You puncture the orc warrior! You burn the orc warrior.
Your headbutt misses the orc warrior.
The orc warrior is heavily wounded.
The troll bites you.
* * * LOW HITPOINT WARNING * * *
The troll closely misses you. The troll barely misses you.
The orc warrior hits you with a +0 hand axe.
* * * LOW HITPOINT WARNING * * *
The orc warrior hits you with a +0 long sword!
* * * LOW HITPOINT WARNING * * *
The orc priest calls down the wrath of Beogh upon you.
Beogh smites you!
* * * LOW HITPOINT WARNING * * *
You feel a strong urge to attack something.
There is a stone staircase leading down here.
You are no longer berserk.
You are exhausted.
You feel yourself slow down. The orc warrior misses you.
The orc sorcerer wildly gestures.
The orc sorcerer shimmers violently.
You climb downwards.
The orc wizard shouts!
The orc warrior shouts!
The orc shouts!
You hear a shout! x2
Found an escape hatch in the ceiling.
Found a staircase to the Elven Halls.
There is a stone staircase leading up here.
You can't go down here!
The orc warrior closely misses you.
You climb upwards.
The smoke demon gestures at you. Something smites you!
You die...

#.....#.#.#
#.......$.####
..###.........#.##
....$........#...#
..........$.#...##
.....3...........#
.....$.4Too.....##
#.......o@<......#
.....o.o..o......#
......[.......$..#
.......[..........
.................#
.##...#.o.......#.
#....$...$.#....
#.$.......###.#.
.......#..## ..


You could see an orc knight, a hellwing (summoned), a troll, a smoke demon
(summoned), an orc sorcerer (strong), 2 orc warriors, an orc priest (strong), an
orc wizard (strong, invisible) and an orc (strong).

Vanquished Creatures
  The ghost of heinrich the Grappler, a novice TrMo of Ru (D:8)
  An eye of devastation (shapeshifter) (D:8)
  Maggie (D:6)
  A troll (Orc:1)
  Grinder (D:6)
  Sigmund (D:2)
  3 steam dragons
  A water moccasin (D:5)
  3 orc warriors
  5 centaurs (D:8)
  A phantom (D:7)
  A kobold brigand (D:8)
  2 bullfrogs (D:7)
  3 scorpions (D:5)
  A killer bee (D:8)
  5 howler monkeys
  A crimson imp (D:4)
  Crazy Yiuf (D:5)
  2 hounds (D:7)
  2 jellies
  An orc priest (D:6)
  A gnoll bouda (D:6)
  An iguana (D:5)
  Terence (D:2)
  3 orc wizards
  8 mummies (Ossuary)
  5 gnolls
  7 adders
  A shadow imp (D:8)
  3 white imps
  4 ufetubi
  2 worms
  2 dart slugs
  12 orcs
  12 ball pythons
  7 bats
  9 endoplasms
  3 giant cockroaches
  4 goblins
  7 hobgoblins
  5 jackals (D:3)
  13 kobolds
  4 quokkas
  7 frilled lizards
  A gnoll zombie (Ossuary)
  4 hobgoblin zombies (Ossuary)
  2 kobold zombies (Ossuary)
  An orc zombie (Ossuary)
  6 rats
173 creatures vanquished.

Vanquished Creatures (collateral kills)
  A water moccasin (D:8)
  A sky beast (D:8)
2 creatures vanquished.

Vanquished Creatures (others)
  An adder (D:2)
  A kobold (D:8)
2 creatures vanquished.

Grand Total: 177 creatures vanquished

Notes
Turn   | Place    | Note
-------+----------+-------------------------------------------
     0 | D:1      | FudNut the Minotaur Berserker began the quest for the Orb.
     0 | D:1      | Reached XP level 1. HP: 19/19 MP: 0/0
    88 | D:1      | Reached XP level 2. HP: 12/27 MP: 1/1
   205 | D:1      | Reached XP level 3. HP: 33/33 MP: 2/2
   320 | D:1      | Found Zassisil's Jewellery Shop.
   406 | D:1      | Reached ** piety under Trog
   533 | D:1      | Found Wiwaocro's Assorted Antiques.
   851 | D:2      | Noticed Terence
   859 | D:2      | Killed Terence
   860 | D:2      | Reached XP level 4. HP: 38/41 MP: 3/3
   967 | D:2      | Reached skill level 5 in Axes
   977 | D:2      | Noticed Sigmund
  1011 | D:2      | Killed Sigmund
  1012 | D:2      | Reached skill level 5 in Fighting
  1012 | D:2      | Reached XP level 5. HP: 48/48 MP: 4/4
  1012 | D:2      | Reached XP level 6. HP: 56/56 MP: 5/5
  1382 | D:3      | Reached *** piety under Trog
  1391 | D:3      | Found a stormy altar of Qazlal.
  1393 | D:3      | Noticed a fire elemental
  1399 | D:3      | Noticed an air elemental
  1399 | D:3      | Noticed a water elemental
  1896 | D:4      | Reached skill level 1 in Polearms
  2059 | D:4      | Identified the amulet "Mere" {Reflect rPois SH+5}
  2551 | D:5      | Entered Level 5 of the Dungeon
  2589 | D:5      | Reached skill level 2 in Polearms
  2616 | D:5      | Found Jaffibra's General Store.
  2631 | D:5      | Noticed a water moccasin
  2641 | D:5      | Killed a water moccasin
  2642 | D:5      | Reached skill level 3 in Polearms
  2642 | D:5      | Reached XP level 7. HP: 61/61 MP: 6/6
  2675 | D:5      | Found a runed translucent door.
  2676 | D:5      | Noticed Crazy Yiuf
  2685 | D:5      | Killed Crazy Yiuf
  2686 | D:5      | Reached skill level 4 in Polearms
  2890 | D:5      | Found a basalt altar of Yredelemnul.
  2909 | D:5      | Reached skill level 5 in Polearms
  3027 | D:6      | Reached skill level 5 in Armour
  3171 | D:6      | Noticed Grinder
  3173 | D:6      | Killed Grinder
  3174 | D:6      | Reached skill level 6 in Polearms
  3174 | D:6      | Reached XP level 8. HP: 70/70 MP: 7/7
  3186 | D:6      | Reached **** piety under Trog
  3186 | D:6      | Noticed Maggie
  3191 | D:6      | Killed Maggie
  3192 | D:6      | Reached skill level 7 in Polearms
  3864 | D:7      | Reached skill level 8 in Polearms
  3957 | D:7      | Found a hide-covered altar of Uskayaw.
  4047 | D:7      | Found a staircase to the Ecumenical Temple.
  4053 | D:7      | Reached skill level 9 in Polearms
  4059 | Temple   | Entered the Ecumenical Temple
  4205 | D:7      | Identified the +12 short sword of Qazlal's Whim {flame,
                  | Str+4 Dex+3}
  4230 | D:7      | Reached XP level 9. HP: 74/78 MP: 8/8
  4642 | D:8      | Found a sand-covered staircase.
  4651 | Ossuary  | Entered an ossuary
  4662 | Ossuary  | Reached skill level 10 in Polearms
  4852 | D:8      | Reached skill level 1 in Shields
  4985 | D:8      | Found a runed translucent gate.
  4987 | D:8      | Found a runed translucent gate.
  4987 | D:8      | Found a runed translucent gate.
  4989 | D:8      | Found an opulent altar of Gozag.
  4990 | D:8      | Noticed heinrich's ghost (novice TrMo)
  5001 | D:8      | Found a shimmering blue altar of Sif Muna.
  5297 | D:8      | Found a sparkling altar of Nemelex Xobeh.
  5561 | D:8      | Noticed an eye of devastation
  5571 | D:8      | Reached skill level 11 in Polearms
  5589 | D:8      | Killed an eye of devastation
  5593 | D:8      | Killed heinrich's ghost
  5594 | D:8      | Reached skill level 12 in Polearms
  5594 | D:8      | Reached XP level 10. HP: 62/88 MP: 9/9
  5826 | D:9      | Found a staircase to the Orcish Mines.
  5834 | Gauntlet | Identified the "Enomae"
  5834 | Lair:3   | Identified the "Yczuol"
  5834 | Orc:1    | Entered Level 1 of the Orcish Mines
  5837 | Orc:1    | Noticed an orc knight
  5841 | Orc:1    | Noticed an orc sorcerer
  5844 | Orc:1    | Noticed a smoke demon
  5850 | Orc:1    | HP: 1/132 [orc priest/divine providence[an orc knight]
                  | (11)]
  5854 | Orc:2    | Entered Level 2 of the Orcish Mines
  5854 | Orc:2    | Found a staircase to the Elven Halls.
  5855 | Orc:2    | Noticed an orc sorcerer
  5855 | Orc:2    | Noticed an orc knight
  5856 | Orc:1    | Killed from afar by a smoke demon

Illustrated notes

Levels and vault maps discovered:
D:1:      dpeg_arrival_refuge, layout_basic, serial_corexii_hall,
          chequers_hall_statues_corner_a, corexii_hall_statues_s, serial_shops,
          shop, nicolae_square_shop, minmay_circled_x
D:2:      layout_rooms, minmay_between, uniq_terence, uniq_sigmund
D:3:      layout_basic, nicolae_qazlal_style_of_elements
D:4:      layout_basic, minmay_fire_ice_demons
D:5:      layout_rooms, marbit_many_paths, serial_shops, shop, moated_statue,
          uniq_crazy_yiuf_cottage
D:6:      layout_loops_ring, uniq_grinder, uniq_maggie
D:7:      layout_loops_cross, eat_drink_and_be_merry_uskayaw,
          minmay_temple_entry_offerings
D:8:      layout_basic, nemelex_spade_bored_becter,
          mainiacjoe_overflow_cross_hatched,
          mainiacjoe_ossuary_entry_dusty_tomb, ebering_ghost_gozag
D:9:      layout_roguey, makhleb_altar_promises_db, orc_0_dummy
Temple:   minmay_temple_bridge_d
Orc:1:    layout_caves, serial_shops, nicolae_shop_tiny_glass
Orc:2:    st_orc_pillars, layout_caves, serial_shops, shop_fountains,
          basic_altar, uniq_nessos, uniq_maurice

Skill      XL: |  1  2  3  4  5  6  7  8  9 10 |
---------------+-------------------------------+-----
Fighting       | 4 5 6 8 |  8.1
Axes           | 4 6 |  6.5
Armour         | 3 4 5 6 7 8 |  8.0
Polearms       | 3 6 9 12 | 12.2
Dodging        | 3 4 |  4.0
Shields        | 2 |  2.7

Action                     |  1- 3 |  4- 6 |  7- 9 | 10-12 || total
---------------------------+-------+-------+-------+-------++-------
  Melee: Hand axe          |    78 |    25 |       |       ||   103
         Punch             |     1 |       |       |       ||     1
         Headbutt          |     8 |    15 |    11 |     3 ||    37
         Halberd           |       |    76 |   132 |    12 ||   220
 Invoke: Berserk           |     1 |     1 |     3 |     1 ||     6
         Trog's Hand       |       |     1 |     2 |       ||     3
    Use: Scroll            |     2 |     6 |    11 |       ||    19
         Potion            |       |       |    15 |       ||    15
   Stab: Distracted        |       |       |     2 |       ||     2
 Armour: Chain mail        |    71 |    69 |    28 |       ||   168
         Animal skin       |     2 |       |       |       ||     2
         Swamp dragon scal |       |       |    66 |    16 ||    82
  Dodge: Dodged            |    40 |    58 |    71 |    19 ||   188
  Block: Other             |       |       |    18 |     3 ||    21
         Reflection        |       |       |     7 |       ||     7

Table legend: (Time is in decaauts)
 A = Elapsed time spent in this place.
 B = Non-inter-level travel time spent in this place.
 C = Inter-level travel time spent in this place.
 D = Time resting spent in this place.
 E = Time spent auto-exploring this place.
 F = Levels seen in this place.
 G = Mean time per level.
                   A        B        C        D        E       F      G
               +--------+--------+--------+--------+--------+-----+--------+
         Total |   5914 |   4835 |   1079 |      0 |   3695 |  13 |  454.9 |
       Dungeon |   5598 |   4659 |    939 |      0 |   3695 |   9 |  622.0 |
        Temple |    141 |      1 |    140 |      0 |      0 |   1 |  141.0 |
  Orcish Mines |     17 |     17 |      0 |      0 |      0 |   2 |    8.5 |
       Ossuary |    157 |    157 |      0 |      0 |      0 |   1 |  157.0 |
               +--------+--------+--------+--------+--------+-----+--------+

Top non-repeatable levels by time:
     D:8: 1087 daAuts
     D:4: 772 daAuts
     D:1: 767 daAuts
     D:6: 739 daAuts
     D:7: 687 daAuts
     D:2: 538 daAuts
     D:3: 506 daAuts
     D:5: 467 daAuts
 Ossuary: 157 daAuts
  Temple: 141 daAuts
     D:9: 31 daAuts
   Orc:1: 15 daAuts
   Orc:2: 2 daAuts
